 Dungeon Crawl Stone Soup version 0.28.0-45-g0d030f2227 (webtiles) character file.

Game seed: 2823536432079952915

5765 mortz the Thaumaturge (level 10, 0/50 HPs)
             Began as a Deep Elf Conjurer on Apr 21, 2022.
             Was a Follower of Vehumet.
             Killed from afar by Maurice (32 damage)
             ... with a bolt of acid
             ... on level 8 of the Dungeon.
             The game lasted 01:03:20 (10043 turns).

mortz the Thaumaturge (Deep Elf Conjurer)          Turns: 10043, Time: 01:03:21

Health: 0/50       AC:  7    Str:  6    XL:     10   Next: 49%
Magic:  9/27       EV: 12    Int: 26    God:    Vehumet [*.....]
Gold:   22         SH:  0    Dex: 13    Spells: 15/31 levels left

rFire   . . .      SeeInvis .   p - +3 war axe (elec) {axe}
rCold   . . .      Faith    .   (no shield)
rNeg    . . .      Spirit   .   a - +2 leather armour {rPois}
rPois   +          Reflect  .   (no helmet)
rElec   .          Harm     .   d - +2 cloak
rCorr   .          Rampage  +   (no gloves)
Will    +....                   n - +2 pair of boots {rampage}
Stlth   ++........              (no amulet)
HPRegen 0.16/turn               (no ring)
MPRegen 0.20/turn               (no ring)

@: corroded
A: no striking features
a: Renounce Religion


You were on level 8 of the Dungeon.
You worshipped Vehumet.
Vehumet was aware of your devotion.
You visited 2 branches of the dungeon, and saw 9 of its levels.
You also visited: Sewer.

You collected 532 gold pieces.
You spent 510 gold pieces at shops.


   Skills:
 + Level 0.3 Fighting
 + Level 3.0 Armour
 + Level 3.6 Dodging
 + Level 4.7 Stealth
 + Level 11.4 Spellcasting
 + Level 10.0 Conjurations
 + Level 9.6 Hexes
 + Level 3.7 Translocations
 + Level 3.7 Fire Magic
 + Level 3.9 Ice Magic
 + Level 3.4 Air Magic
 + Level 3.7 Earth Magic


You had 15 spell levels left.
You knew the following spells:

 Your Spells              Type           Power      Damage    Failure   Level
a - Magic Dart            Conj           100%       1d8       1%          1
b - Searing Ray           Conj           100%       2d8       1%          2
c - Fulminant Prism       Conj/Hex       30%        3d16      1%          4
d - Iskenderun's Mystic   Conj/Tloc      50%        2d11      3%          4
e - Fireball              Conj/Fire      25%        3d11      10%         5

Your spell library contained the following spells:

 Spells                   Type           Power      Damage    Failure   Level
 Freeze                   Ice            100%       1d11      1%          1
 Dazzling Flash           Conj/Hex       100%       N/A       1%          3
 Summon Lightning Spire   Summ/Air       23%        N/A       30%         4
 Summon Hydra             Summ           7%         N/A       100%        7

Inventory:

Hand Weapons
 b - a +0 club {mace}
   (You took it off a goblin on level 1 of the Dungeon)
 g - a +0 mace of protection {mace}
   (You took it off an orc on level 6 of the Dungeon)
 p - a +3 war axe of electrocution (weapon) {axe}
   (You found it in a sewer)
 r - a +4 trident {polearm}
   (You took it off an orc on level 3 of the Dungeon)
 y - a +3 vorpal mace {mace}
   (You took it off an orc on level 6 of the Dungeon)
Missiles
 j - 6 silver javelins {throwing}
 C - 2 boomerangs {throwing}
Armour
 a - a +2 leather armour of poison resistance (worn)
   (You took it off an orc on level 3 of the Dungeon)
 d - a +2 cloak (worn)
   (You found it on level 3 of the Dungeon)
 n - a +2 pair of boots of rampaging (worn)
   (You found it on level 2 of the Dungeon)
Wands
 A - a wand of flame (31)
   (You found it on level 7 of the Dungeon)
Scrolls
 e - a scroll of acquirement {unknown}
 h - a scroll of torment {unknown}
 i - a scroll of vulnerability {unknown}
 k - 4 scrolls of teleportation {@r4}
 o - a scroll of silence {unknown}
 q - a scroll of fog
 s - a scroll of summoning {unknown}
 t - a scroll of magic mapping {unknown}
 v - a scroll of blinking {unknown}
 w - a scroll of amnesia {unknown}
 x - a scroll of holy word
 D - a scroll of brand weapon {unknown}
Potions
 c - 2 potions of attraction {!q}
 f - 2 potions of heal wounds {@q2}
 l - a potion of mutation {!q}
 u - 2 potions of might
 z - a potion of ambrosia
 B - a potion of flight {unknown}

Dungeon Overview and Level Annotations

Branches:
Dungeon (8/15)             Temple (1/1) D:6           Sewer (visited)
   Lair: D:8-11

Altars:
Ashenzari
Cheibriados
Dithmenos
Elyvilon
Fedhas
Gozag
Hepliaklqana
Kikubaaqudgha
Makhleb
Nemelex Xobeh
Okawaru
Qazlal
Ru
Sif Muna
Trog
Uskayaw
Vehumet
Wu Jian
Xom
Yredelemnul
Zin
The Shining One

Shops:
D:7 !

Annotations:
D:4 exclusions: door and 1 more exclusion, Menkaure
D:8 1 exclusion, Maurice

##..≈# #.#.##......## #
##...≈# #......#'...#
#....≈# #####....#...##
#....≈###........#...#
.....≈....####...#..........
.....≈....#......#..........
#
..........#......#........@.
#
..........######{#..........
##
#########.......@#......####
#. ##########......# #.
#.....## ## # #


There were no monsters in sight!


Message History

There is an open door here.
There is an open door here.
An orc comes into view. It is wielding a +0 dagger of venom.
Aiming: Magic Dart (safe; 1% risk of failure)
Press: ? - help, Q - select action, (/) - cycle Shift-Dir - straight line, f - orc
Aim: an orc, wielding a +0 dagger of venom (wandering, hasn't noticed you, 100% to hit)
The magic dart hits the orc.
The orc shouts! 😎 MP[-1]
You lost 1 mp, and now have 26/27 mp.
Aiming: Magic Dart (safe; 1% risk of failure)
Press: ? - help, Q - select action, (/) - cycle Shift-Dir - straight line, f/p - orc
Aim: an orc, wielding a +0 dagger of venom (moderately wounded, 100% to hit)
The magic dart hits the orc. 😎 MP[-1]
You lost 1 mp, and now have 25/27 mp.
Aiming: Magic Dart (safe; 1% risk of failure)
Press: ? - help, Q - select action, (/) - cycle Shift-Dir - straight line, f/p - orc
Aim: an orc, wielding a +0 dagger of venom (severely wounded, 100% to hit)
The magic dart hits the orc. 😎 MP[-1]
You lost 1 mp, and now have 24/27 mp.
Aiming: Magic Dart (safe; 1% risk of failure)
Press: ? - help, Q - select action, (/) - cycle Shift-Dir - straight line, f/p - orc
Aim: an orc, wielding a +0 dagger of venom (severely wounded, 100% to hit)
The magic dart hits the orc. 😎 MP[-1]
You lost 1 mp, and now have 23/27 mp.
Aiming: Magic Dart (safe; 1% risk of failure)
Press: ? - help, Q - select action, (/) - cycle Shift-Dir - straight line, f/p - orc
Aim: an orc, wielding a +0 dagger of venom (almost dead, 100% to hit)
The magic dart hits the orc.
You kill the orc!
Vehumet accepts your kill.
You see here a +0 dagger of venom {short}.
Maurice is nearby! 😎 MP[+4]
Your mp is fully restored (27).
You see here 25 arrows.
Maurice shouts!
Okay, then.
As you read the scroll of fear, it crumbles to dust.
You assume a fearsome visage.
Maurice looks frightened!
Maurice casts a spell.
Maurice flickers and vanishes!
Deactivating autopickup; reactivate with Ctrl-A.
Casting: Magic Dart (safe; 1% risk of failure)
Confirm with . or Enter, or press ? or * to list all spells.
Okay, then.
Casting: Magic Dart (safe; 1% risk of failure)
Confirm with . or Enter, or press ? or * to list all spells.
You erupt in a blast of force!
The mystic blast hits something! 😎 MP[-4]
You lost 4 mp, and now have 23/27 mp.
Casting: Iskenderun's Mystic Blast (dangerous; 3% risk of failure)
Confirm with . or Enter, or press ? or * to list all spells.
You erupt in a blast of force! 😎 MP[-4]
You lost 4 mp, and now have 19/27 mp.
Casting: Iskenderun's Mystic Blast (dangerous; 3% risk of failure)
Confirm with . or Enter, or press ? or * to list all spells.
You erupt in a blast of force!
You hear a zap.
A bolt of acid appears from out of thin air!
The bolt of acid misses you. 😎 MP[-4]
You lost 4 mp, and now have 15/27 mp.
Casting: Iskenderun's Mystic Blast (dangerous; 3% risk of failure)
Confirm with . or Enter, or press ? or * to list all spells.
You can't see any susceptible monsters within range! (Use Z to cast anyway.) Unknown command.
Casting: Iskenderun's Mystic Blast (dangerous; 3% risk of failure)
Confirm with . or Enter, or press ? or * to list all spells.
Aiming: Searing Ray (safe; 1% risk of failure)
Press: ? - help, Shift-Dir - straight line, f - you (Press . to maintain the ray.)
You hear a zap.
A bolt of acid appears from out of thin air!
The bolt of acid hits you!! The acid corrodes you! 😮 HP[-19] MP[-2]
You take 19 damage, and now have 31/50 hp.
MASSIVE DAMAGE!! (PAUSE)
You lost 2 mp, and now have 13/27 mp.
The searing ray hits something!
The searing ray hits something. 😮 MP[-1]
You lost 1 mp, and now have 12/27 mp.
You finish channelling your searing ray. 😮 HP[+1] MP[-1]
You lost 1 mp, and now have 11/27 mp.
Casting: Searing Ray (safe; 1% risk of failure)
Confirm with . or Enter, or press ? or * to list all spells.
Aiming: Searing Ray (safe; 1% risk of failure)
Press: ? - help, Shift-Dir - straight line, f - you (Press . to maintain the ray.)
You hear a zap.
A bolt of acid appears from out of thin air!
The bolt of acid hits you!!
Ouch! That really hurt!
You die...

Skill      XL: |  1  2  3  4  5  6  7  8  9 10 |
---------------+-------------------------------+-----
Conjurations   | 5 6 7 8 9 10 | 10.0
Spellcasting   | 4 5 6 7 9 11 | 11.4
Stealth        | 3 4 |  4.7
Hexes          | 2 3 6 9 |  9.6
Dodging        | 3 |  3.6
Armour         | 1 2 3 |  3.0
Translocations | 3 |  3.7
Fire Magic     | 3 |  3.7
Ice Magic      | 3 |  3.9
Air Magic      | 3 |  3.4
Earth Magic    | 3 |  3.7
Fighting       | |  0.3

Action                   |  1- 3 |  4- 6 |  7- 9 | 10-12 || total
-------------------------+-------+-------+-------+-------++-------
Melee: War axe           |       |     5 |       |       ||     5
 Cast: Magic Dart        |    57 |    81 |   101 |    20 ||   259
       Searing Ray       |    16 |    22 |    59 |     9 ||   106
       Iskenderun's Myst |       |       |       |     3 ||     3
       Fulminant Prism   |       |       |       |     2 ||     2
  Use: Scroll            |       |     5 |     9 |     1 ||    15
       Potion            |       |       |     4 |       ||     4
Armor: Leather armour    |       |     4 |    12 |     3 ||    19
Dodge: Dodged            |     3 |    12 |    18 |     4 ||    37

Levels and vault maps discovered:
D:1:      nagdon_arrival_zigzag_paths, layout_loops_corners,
          shapermc_ecumenical_altar_hornbeckon, kennysheep_flooded_box
D:2:      layout_rooms
D:3:      minmay_general_purpose_star, layout_basic, portal_sewer_entry_a
D:4:      layout_basic, uniq_menkaure
D:5:      layout_rooms, uniq_sigmund
D:6:      lemuel_ice_spiral_2, layout_basic, minmay_temple_entry_mist
D:7:      layout_rooms, kennysheep_mini, serial_shops, shop_coins,
          chequers_jeans, serial_bayou_crossing
D:8:      layout_basic, nicolae_two_hexagons, chequers_serial_rivers_micro_e,
          mrwooster_statue_mirror, uniq_maurice
Temple:   nicolae_temple_the_god_donut

Notes
Turn   | Place    | Note
-------+----------+-------------------------------------------
     0 | D:1      | mortz the Deep Elf Conjurer began the quest for the Orb.
     0 | D:1      | Reached XP level 1. HP: 10/10 MP: 6/6
     0 | D:1      | magus.rc [v1.9.6]
   208 | D:1      | Reached XP level 2. HP: 15/15 MP: 5/8
   246 | D:1      | Learned a level 2 spell: Searing Ray
   561 | D:1      | Reached skill level 5 in Conjurations
   706 | D:1      | Found a faded altar of an unknown god.
  1033 | D:1      | Reached XP level 3. HP: 19/19 MP: 6/9
  1927 | D:2      | Reached XP level 4. HP: 24/24 MP: 6/11
  2238 | D:2      | Reached skill level 4 in Spellcasting
  2495 | D:3      | Found a glowing drain.
  2564 | Sewer    | Entered a sewer
  2971 | Sewer    | Reached skill level 6 in Conjurations
  2971 | Sewer    | Reached XP level 5. HP: 28/28 MP: 12/14
  2999 | Sewer    | Reached skill level 5 in Spellcasting
  3003 | Sewer    | Reached skill level 3 in Stealth
  3344 | D:3      | Reached XP level 6. HP: 32/32 MP: 11/16
  3517 | D:3      | Reached skill level 6 in Spellcasting
  3940 | D:3      | You fall into a shaft and drop 3 floors!
  4076 | D:6      | Reached skill level 1 in Hexes
  4327 | D:5      | Entered Level 5 of the Dungeon
  4359 | D:4      | Noticed Menkaure
  4695 | D:4      | Reached skill level 7 in Conjurations
  4695 | D:4      | Reached skill level 2 in Hexes
  4695 | D:4      | Reached XP level 7. HP: 36/36 MP: 12/18
  5243 | D:5      | You add the spells Summon Lightning Spire, Fireball and
                  | Summon Hydra to your library.
  5243 | D:5      | Got the Disquisition on the Hurtful Escort
  5357 | D:5      | HP: 2/36 [centaur/arrow (8)]
  5373 | D:5      | Reached skill level 7 in Spellcasting
  5577 | D:5      | Reached skill level 3 in Hexes
  5652 | D:5      | Noticed Sigmund
  5698 | D:5      | Killed Sigmund
  5699 | D:5      | Reached skill level 3 in Dodging
  5867 | D:5      | Reached skill level 1 in Armour
  5867 | D:5      | Reached XP level 8. HP: 39/41 MP: 12/21
  6173 | D:6      | Reached skill level 4 in Stealth
  6173 | D:6      | Reached skill level 8 in Spellcasting
  6279 | D:6      | Reached skill level 4 in Hexes
  6697 | D:6      | Reached skill level 2 in Armour
  6789 | D:6      | Reached skill level 8 in Conjurations
  7256 | D:6      | Found a staircase to the Ecumenical Temple.
  7288 | Temple   | Entered the Ecumenical Temple
  7322 | Temple   | Became a worshipper of Vehumet
  7603 | D:6      | Reached skill level 5 in Hexes
  8060 | D:7      | Reached skill level 9 in Spellcasting
  8361 | D:7      | Found an iron altar of Okawaru.
  8539 | D:7      | Found Ihimmalu's Distillery.
  8595 | D:7      | magus.rc [v1.9.6]
  8725 | D:8      | Reached skill level 6 in Hexes
  8764 | D:8      | Reached XP level 9. HP: 39/45 MP: 13/24
  9057 | D:8      | Reached skill level 10 in Spellcasting
  9087 | D:8      | Noticed Maurice
  9160 | D:7      | Bought a potion of experience for 500 gold pieces
  9160 | D:7      | Reached skill level 11 in Spellcasting
  9160 | D:7      | Reached skill level 9 in Conjurations
  9160 | D:7      | Reached skill level 9 in Hexes
  9160 | D:7      | Reached skill level 3 in Translocations
  9160 | D:7      | Reached skill level 3 in Fire Magic
  9160 | D:7      | Reached skill level 3 in Ice Magic
  9160 | D:7      | Reached skill level 3 in Air Magic
  9160 | D:7      | Reached skill level 3 in Earth Magic
  9160 | D:7      | Reached XP level 10. HP: 50/50 MP: 25/27
  9166 | D:7      | Learned a level 4 spell: Fulminant Prism
  9171 | D:7      | Learned a level 4 spell: Iskenderun's Mystic Blast
  9177 | D:7      | Learned a level 5 spell: Fireball
  9285 | D:8      | Noticed a two-headed ogre
  9318 | D:7      | Bought a potion of degeneration for 10 gold pieces
  9427 | D:8      | Reached * piety under Vehumet
  9427 | D:8      | Offered knowledge of Freeze by Vehumet.
  9594 | D:8      | Killed a two-headed ogre
  9595 | D:8      | Reached skill level 3 in Armour
  9595 | D:8      | Reached skill level 10 in Conjurations
 10043 | D:8      | Killed from afar by Maurice

Vanquished Creatures
  A two-headed ogre (D:8)
  Sigmund (D:5)
  A steam dragon (D:8)
  2 orc warriors
  2 ice beasts (D:8)
  3 ogres
  A black bear (D:6)
  A centaur (D:5)
  2 phantoms
  5 bullfrogs
  A scorpion (D:6)
  A water moccasin zombie (D:5)
  A wyvern skeleton (D:7)
  A howler monkey (D:8)
  5 wights (D:8)
  A centaur zombie (D:6)
  2 hounds (D:5)
  3 orc priests (D:6)
  3 iguanas
  A gnoll shaman (D:6)
  4 orc wizards
  2 howler monkey zombies
  7 gnolls
  A howler monkey skeleton (D:7)
  10 adders
  A river rat (D:3)
  A shadow imp (D:8)
  A white imp (D:7)
  An ufetubus (D:6)
  An adder skeleton (D:5)
  A worm (D:2)
  5 dart slugs
  34 orcs
  7 ball pythons
  6 endoplasms
  7 giant cockroaches
  11 hobgoblins
  6 jackals
  5 quokkas
  6 bats
  9 frilled lizards
  9 goblins
  11 kobolds
  4 rats (D:3)
188 creatures vanquished.

Vanquished Creatures (others)
  2 fulminant prisms (D:8)
  5 plants (D:7)
7 creatures vanquished.

Grand Total: 195 creatures vanquished

Table legend:
 A = Non-vault XP
 B = Vault XP
 C = Vault XP percentage of total XP
 D = Non-vault monster count
 E = Vault monster count
 F = Vault count percentage of total count
                 A         B        C        D         E       F
            +---------+---------+-------+---------+---------+-------
      Total |    4221 |     507 |  10.7 |     160 |      28 |  14.9
            +---------+---------+-------+---------+---------+-------
        D:1 |      44 |       0 |   0.0 |      28 |       0 |   0.0
        D:2 |      76 |       0 |   0.0 |      26 |       0 |   0.0
        D:3 |      61 |      47 |  43.5 |      14 |       6 |  30.0
        D:4 |     149 |       0 |   0.0 |      12 |       0 |   0.0
        D:5 |     453 |     223 |  33.0 |      13 |       1 |   7.1
        D:6 |     945 |       0 |   0.0 |      30 |       0 |   0.0
        D:7 |     453 |       0 |   0.0 |      13 |       0 |   0.0
        D:8 |    2040 |       0 |   0.0 |      24 |       0 |   0.0
      Sewer |       0 |     237 | 100.0 |       0 |      21 | 100.0
            +---------+---------+-------+---------+---------+-------

Illustrated notes

Table legend:
 A = Kills in this place as a percentage of kills in entire the game.
 B = Kills by you in this place as a percentage of kills by you in the entire game.
 C = Kills by friends in this place as a percentage of kills by friends in the entire game.
 D = Other kills in this place as a percentage of other kills in the entire game.
 E = Experience gained in this place as a percentage of experience gained in the entire game.
 F = Experience gained in this place divided by the number of levels of this place that you have seen.
                   A       B       C       D       E      F
               +-------+-------+-------+-------+-------+----------------------
         Total | 100.0 | 100.0 |   N/A |   N/A | 100.0 | 472.8
       Dungeon |  88.8 |  88.8 |   N/A |   N/A |  95.0 | 561.4
         Sewer |  11.2 |  11.2 |   N/A |   N/A |   5.0 | 237.0
               +-------+-------+-------+-------+-------+----------------------

Table legend: (Time is in decaauts)
 A = Elapsed time spent in this place.
 B = Non-inter-level travel time spent in this place.
 C = Inter-level travel time spent in this place.
 D = Time resting spent in this place.
 E = Time spent auto-exploring this place.
 F = Levels seen in this place.
 G = Mean time per level.
                   A        B        C        D        E       F      G
               +--------+--------+--------+--------+--------+-----+--------+
         Total |  10162 |   9988 |    174 |   1585 |   6818 |  10 | 1016.2 |
       Dungeon |   9053 |   8879 |    174 |   1462 |   5985 |   8 | 1131.6 |
        Temple |    258 |    258 |      0 |      0 |    218 |   1 |  258.0 |
         Sewer |    850 |    850 |      0 |    123 |    615 |   1 |  850.0 |
               +--------+--------+--------+--------+--------+-----+--------+

Top non-repeatable levels by time:
     D:1: 1600 daAuts
     D:6: 1547 daAuts
     D:8: 1216 daAuts
     D:3: 1152 daAuts
     D:7: 1052 daAuts
     D:5: 989 daAuts
   Sewer: 850 daAuts
     D:2: 756 daAuts
     D:4: 740 daAuts
  Temple: 258 daAuts
